 Dungeon Crawl Stone Soup version 0.30.0-15-g856e2d3f33 (webtiles) character file.

Game seed: 12732247068675106132

65 qw the Chopper (level 4, 0/28 HPs)
             Began as a Gargoyle Cinder Acolyte on May 18, 2023.
             Was a High Priest of Ignis.
             Slain by an orc wizard
             ... wielding a +0 dagger
              (1 damage)
             ... on level 3 of the Dungeon.
             The game lasted 00:01:02 (1714 turns).

qw the Chopper (Gargoyle Cinder Acolyte)            Turns: 1714, Time: 00:01:02

Health: 0/28       AC: 16    Str: 19    XL:     4   Next: 13%
Magic:  5/5        EV:  9    Int: 15    God:    Ignis [*****.]
Gold:   116        SH:  0    Dex:  5    Spells: 5/5 levels left

rFire   + . .        Y - -1 hand axe (flame)
rCold   . . .        (no shield)
rNeg    + . .        c - +0 scale mail
rPois   inf          (no helmet)
rElec   +            (no cloak)
rCorr   .            (no gloves)
SInv    .            (no boots)
Will    .....        (no amulet) Stlth
                     (no ring)
HPRegen 0.24/turn    (no ring)
MPRegen 0.09/turn

%: no passive effects
@: about to teleport, fiery-armoured
A: sickness immunity, AC +3, negative energy resistance 1, electricity
resistance, torment resistance 1, petrification resistance
a: Renounce Religion, Fiery Armour, Foxfire Swarm, Rising Flame


You were on level 3 of the Dungeon.
You worshipped Ignis.
Ignis was extremely pleased with you.
You visited 1 branch of the dungeon, and saw 3 of its levels.

You collected 116 gold pieces.


Innate Abilities, Weirdness & Mutations

You are immune to sickness and miasma.
Your stone body is resilient. (AC +3)
You are immune to poison.
You resist negative energy. (rN+)
You are resistant to electric shocks. (rElec)
You are resistant to unholy torment.
You are immune to petrification.


   Skills:
 - Level 3.2 Fighting
 - Level 4.3 Axes
 + Level 0.4 Armour
 - Level 1.0 Spellcasting
 - Level 3.0 Fire Magic


You had 5 spell levels left.
You didn't know any spells.
Your spell library contained the following spells:

 Spells                   Type           Power      Damage    Failure   Level
 Scorch                   Fire           18%        2d5       34%         2

Inventory:

Hand Weapons
 Y - a -1 hand axe of flaming (weapon)
Armour
 c - a +0 scale mail (worn)
Scrolls
 b - a scroll of teleportation
 e - a scroll of identify
Potions
 a - a potion of mutation
 d - a potion of curing

Dungeon Overview and Level Annotations

Branches:
Dungeon (3/15)

Altars:


Message History

You barely miss the orc wizard. You hit the orc but do no damage.
The orc hits you but does no damage.
The orc wizard casts a spell.
The orc wizard flickers and vanishes!
Deactivating autopickup; reactivate with Ctrl-A.
The orc hits you but does no damage.
Autopickup is now on.
Lua error: [string "/dgldir/rcfiles/crawl-bot-0.30/qwlua.rc"]:3713: Cannot currently process new keys (there is pending input)
You closely miss the orc. You miss something. The orc closely misses you.
Something hits you.
Deactivating autopickup; reactivate with Ctrl-A.
The orc hits you from afar with a +0 trident.
Autopickup is now on.
Lua error: [string "/dgldir/rcfiles/crawl-bot-0.30/qwlua.rc"]:3713: Cannot currently process new keys (there is pending input)
1712 ||| INVOKING Fiery Armour.
A protective cloak of flame settles atop you.
The orc barely misses you. Something hits you.
Deactivating autopickup; reactivate with Ctrl-A.
The orc hits you from afar with a +0 trident.
Autopickup is now on.
Lua error: [string "/dgldir/rcfiles/crawl-bot-0.30/qwlua.rc"]:3713: Cannot currently process new keys (there is pending input)
1713 ||| READING 2 scrolls of teleportation.
As you read the scroll of teleportation, it crumbles to dust.
You feel strangely unstable. Something hits you but does no damage.
Deactivating autopickup; reactivate with Ctrl-A.
The orc barely misses you. The orc closely misses you.
Autopickup is now on.
Lua error: [string "/dgldir/rcfiles/crawl-bot-0.30/qwlua.rc"]:3713: Cannot currently process new keys (there is pending input)
You hit the orc. You burn the orc.
The orc is moderately wounded.
You barely miss something. The orc hits you with a +0 club.
The orc is burned by your cloak of flames.
You kill the orc!
Something hits you.
Deactivating autopickup; reactivate with Ctrl-A.
The orc hits you from afar with a +0 trident.
The orc hits you but does no damage. Something hits you.
You die...

#..........#.#.#
....#
.........#...#.#
###.+
..#......##....#
.#
#.#..)###.#### #
.. #.#...#.. #
#. #.#.#.###.#
#.#.#.....# #
#....#.....#
.....##@# #####
##.#.#.{)o# ..
###.!..... #
#.######.# #. #.
#. #.


You could see an orc.

Vanquished Creatures
  A worm (D:2)
  A dart slug (D:2)
  3 orcs (D:3)
  6 bats
  8 endoplasms
  A giant cockroach (D:2)
  2 goblins
  9 hobgoblins
  2 quokkas
  9 ball pythons
  A frilled lizard (D:1)
  6 kobolds
  4 rats
53 creatures vanquished.

Notes
Turn   | Place    | Note
-------+----------+-------------------------------------------
     0 | D:1      | qw the Gargoyle Cinder Acolyte began the quest for the Orb.
     0 | D:1      | Reached XP level 1. HP: 14/14 MP: 2/2
     0 | D:1      | 0 ||| qw: Version: 0.2-a-95-gc95f03d
     0 | D:1      | 0 ||| qw: Game counter: 36
     0 | D:1      | 0 ||| qw: Always use a shield: true
     0 | D:1      | 0 ||| qw: God list: Okawaru
     0 | D:1      | 0 ||| qw: Allow faded altars: false
     0 | D:1      | 0 ||| qw: Do Orc after D:15 true
     0 | D:1      | 0 ||| qw: Do second Lair branch before Depths: true
     0 | D:1      | 0 ||| qw: Lair rune preference: random
     0 | D:1      | 0 ||| qw: Plans: Normal
     0 | D:1      | 0 ||| PLANNING D:1-11
    48 | D:1      | Reached skill level 3 in Axes
    50 | D:1      | 50 ||| Stepping ~*~*~tactically~*~*~ (stealth).
    71 | D:1      | Reached XP level 2. HP: 12/19 MP: 3/3
   378 | D:1      | Reached XP level 3. HP: 23/23 MP: 4/4
   380 | D:1      | 380 ||| Stepping ~*~*~tactically~*~*~ (stealth).
   381 | D:1      | 381 ||| Stepping ~*~*~tactically~*~*~ (stealth).
  1009 | D:1      | 1009 ||| DROPPING ring of flight.
  1010 | D:1      | 1010 ||| READING scroll labelled GOFFEFE VOLAA.
  1014 | D:1      | 1014 ||| READING scroll labelled VAMAOS CEPH.
  1015 | D:1      | 1015 ||| READING scroll labelled YPNIZU ICHAZEG.
  1041 | D:2      | Reached skill level 4 in Axes
  1045 | D:2      | 1045 ||| STAIRDANCE
  1132 | D:2      | 1132 ||| Stepping ~*~*~tactically~*~*~ (stealth).
  1312 | D:2      | 1312 ||| Stepping ~*~*~tactically~*~*~ (hiding).
  1313 | D:2      | 1313 ||| Stepping ~*~*~tactically~*~*~ (hiding).
  1393 | D:2      | Reached XP level 4. HP: 25/28 MP: 5/5
  1620 | D:2      | 1620 ||| UPGRADING to +0 scale mail.
  1630 | D:2      | 1630 ||| DROPPING +0 robe.
  1631 | D:2      | 1631 ||| READING scroll labelled MEFOCEI YCRU.
  1632 | D:2      | 1632 ||| DRINKING 2 metallic amethyst potions.
  1633 | D:2      | 1633 ||| READING 2 scrolls of identify.
  1633 | D:2      | 1633 ||| IDENTIFYING smoky sapphire potion
  1712 | D:3      | 1712 ||| INVOKING Fiery Armour.
  1712 | D:3      | HP: 7/28 [orc/+0 trident (1)]
  1713 | D:3      | 1713 ||| READING 2 scrolls of teleportation.
  1714 | D:3      | HP: 3/28 [something (1)]
  1714 | D:3      | HP: 1/28 [orc/+0 trident (2)]
  1714 | D:3      | Slain by an orc wizard

Levels and vault maps discovered:
D:1:      lightli_arrival_quake, layout_basic, serial_forest,
          infiniplex_forest_zigzag_1, infiniplex_forest_straight_4,
          infiniplex_forest_clump_double, infiniplex_forest_lined_room_2,
          infiniplex_forest_lined_2, infiniplex_forest_lined_room_2,
          infiniplex_forest_clump_tiny, st_stairs_7
D:2:      layout_rooms
D:3:      layout_basic, item_on_display_a

Skill      XL: |  1  2  3 |
---------------+----------+-----
Axes           | 3 4 |  4.3
Fighting       | |  3.2
Armour         | |  0.4
Spellcasting   | |  1.0
Fire Magic     | |  3.0

Action                     |  1- 3 |  4- 6 || total
---------------------------+-------+-------++-------
  Melee: Hand axe          |   147 |    24 ||   171
         Punch             |     3 |       ||     3
 Invoke: Fiery Armour      |       |     1 ||     1
    Use: Scroll            |     3 |     3 ||     6
         Potion            |       |     1 ||     1
 Armour: Robe              |    38 |     3 ||    41
         Scale mail        |       |    10 ||    10
  Dodge: Dodged            |    83 |    18 ||   101

Table legend:
 A = Non-vault XP
 B = Vault XP
 C = Vault XP percentage of total XP
 D = Non-vault monster count
 E = Vault monster count
 F = Vault count percentage of total count
                 A         B        C        D         E       F
            +---------+---------+-------+---------+---------+-------
      Total |      94 |       2 |   2.1 |      52 |       1 |   1.9
            +---------+---------+-------+---------+---------+-------
        D:1 |      50 |       2 |   3.8 |      31 |       1 |   3.1
        D:2 |      35 |       0 |   0.0 |      18 |       0 |   0.0
        D:3 |       9 |       0 |   0.0 |       3 |       0 |   0.0
            +---------+---------+-------+---------+---------+-------
